Map: Triton LE

Players

PtitDrogo - Winner!

  • Race: Protoss Protoss
  • Spawn Location: 11:00

Lambo

  • Race: Zerg Zerg
  • Spawn Location: 5:00

VOD

Have the link to the VOD?

Description

Time

  • Played on: Sept. 7, 2019, 12:24 p.m.
  • Length: 11:57
Show
View Real Time Build Order
Export as new Build Order

PtitDrogo Protoss - Winner!

Build Orders: 1 Gate Expand, Oracle Opening, Phoenix Opening, Archon Immortal 

Get SALT Encoding   

  12  0:00  Probe  
  13  0:12  Probe  
  14  0:19  Pylon  
  14  0:25  Probe  
  14  0:27  Assimilator  
  15  0:33  Probe  
  15  0:41  Probe  
  16  0:44  Gateway  
  17  0:51  Probe  
  18  1:03  Probe  
  19  1:16  Probe  
  20  1:22  Nexus  
  20  1:31  Cybernetics Core  
  20  1:35  Probe  
  20  1:39  Assimilator  
  21  1:47  Probe  
  21  1:49  Pylon  
  22  1:57  Adept  
  22  1:59  Probe  
  25  2:11  Stargate, Probe  
  26  2:22  Warp Gate  
  26  2:23  Probe  
  26  2:29  Stalker  
  29  2:31  Probe x2  
  31  2:39  Probe x2  
  33  2:49  Probe  
  33  2:50  Probe  
  33  2:52  Phoenix  
  37  3:01  Probe  
  37  3:02  Probe  
  39  3:10  Oracle  
  39  3:13  Probe  
  39  3:14  Probe  
  39  3:15  Pylon  
  44  3:23  Gateway  
  44  3:25  Probe  
  44  3:26  Probe  
  46  3:37  Probe  
  46  3:41  Probe  
  48  3:48  Probe, Nexus  
  48  3:52  Pylon  
  48  3:55  Probe  
  50  3:57  Pylon, Probe  
  50  4:01  Assimilator  
  51  4:03  Assimilator  
  51  4:05  Probe  
  51  4:07  Probe  
  53  4:16  Probe  
  53  4:19  Probe  
  55  4:24  Twilight Council  
  55  4:25  Forge  
  55  4:28  Probe  
  55  4:30  Sentry  
  58  4:31  Probe  
  58  4:32  Robotics Facility  
  59  4:40  Probe  
  59  4:41  Gateway x2  
  59  4:43  Probe  
  61  4:50  Protoss Ground Weapons Level 1  
  61  4:52  Probe  
  62  4:55  Probe, Charge  
  63  5:04  Probe  
  63  5:05  Probe  
  65  5:08  Probe  
  65  5:12  Warp Prism, Templar Archives  
  63  5:16  Probe  
  63  5:17  Gateway, Probe  
  63  5:18  Gateway  
  63  5:20  Probe  
  66  5:23  Assimilator  
  66  5:25  Assimilator  
  66  5:26  Probe  
  66  5:27  Pylon  
  68  5:28  Probe  
  68  5:32  Probe  
  68  5:34  Probe  
  71  5:39  Gateway x2  
  71  5:40  Probe  
  73  5:43  Probe  
  73  5:44  Probe  
  73  5:45  Immortal  
  73  5:49  Psionic Storm  
  75  5:51  Photon Cannon  
  75  5:53  Probe  
  75  5:55  Probe  
  75  5:56  Probe  
  82  6:01  High Templar  
  84  6:05  High Templar x2, Probe  
  84  6:07  Gateway  
  84  6:10  Pylon  
  89  6:13  Pylon  
  89  6:14  High Templar  
  89  6:17  Shield Battery  
  91  6:18  Immortal  
  91  6:21  Zealot  
  97  6:34  High Templar  
  97  6:35  Zealot x3  
  97  6:38  Pylon  
  105  6:40  Pylon  
  105  6:41  Pylon  
  105  6:42  Gateway  
  105  6:49  Zealot x2  
  109  6:55  Shield Battery  
  109  6:57  Zealot x2  
  109  6:59  High Templar x2  
  109  7:00  Zealot  
  119  7:03  Immortal  
  119  7:05  Archon  
  119  7:13  Nexus  
  119  7:16  Pylon, Protoss Ground Weapons Level 2  
  119  7:21  Probe  
  124  7:24  High Templar  
  124  7:25  Zealot x2, High Templar  
  124  7:28  Archon  
  130  7:32  Probe  
  130  7:35  Pylon  
  131  7:39  Immortal  
  131  7:43  Zealot x3  
  141  7:52  Pylon  
  141  7:53  Probe  
  141  7:54  Pylon, High Templar x2  
  141  7:55  Zealot  
  141  7:57  Assimilator  
  148  7:58  Archon, Assimilator  
  148  8:06  Phoenix  
  148  8:13  Zealot x7  
  158  8:27  Photon Cannon  
  158  8:28  Phoenix  
  158  8:29  Photon Cannon  
  158  8:30  Photon Cannon  
  158  8:31  Zealot x3  
  156  8:34  Zealot x4  
  156  8:40  Zealot x3  
  168  8:45  Phoenix  
  168  8:48  Probe  
  133  9:03  Probe, Phoenix  
  133  9:06  High Templar x4  
  133  9:07  High Templar x2  
  133  9:08  Zealot x4  
  133  9:09  Probe  
  149  9:12  Archon x2  
  149  9:13  Probe, Archon  
  149  9:15  Photon Cannon  
  146  9:18  Shield Battery, Pylon  
  146  9:22  Phoenix  
  146  9:23  Stargate  
  146  9:28  High Templar  
  150  9:32  Zealot x2, High Templar  
  150  9:36  Archon  
  156  9:41  Zealot x4  
  155  9:53  Probe x3  
  155  9:57  Probe  
  158  10:04  High Templar  
  158  10:05  Zealot x4, High Templar x3  
  174  10:10  Archon x2  
  174  10:13  Probe x2  
  172  10:14  Zealot x2  
  168  10:26  Zealot  
  168  10:27  Zealot x3  
  173  10:28  Probe x2  
  173  10:29  Probe  
  173  10:33  Immortal  
  177  10:46  Pylon  
  177  10:47  High Templar, Probe x2  
  177  10:48  High Templar x2  
  177  10:49  High Templar  
  187  10:51  Photon Cannon  
  187  10:52  Archon x2  
  187  10:54  Shield Battery  
  187  10:56  Shield Battery  
  187  11:01  Pylon  
  187  11:02  Pylon  
  187  11:05  Fleet Beacon  
  187  11:11  Nexus  
  177  11:27  Probe  
  130  11:34  Stalker x9  
  126  11:53  Zealot  
Show
View Real Time Build Order
Export as new Build Order

Lambo Zerg 

Build Orders: Hatch First, Muta Ling Bane 

Get SALT Encoding   

  12  0:00  Drone  
  13  0:12  Overlord  
  13  0:17  Drone  
  14  0:30  Drone x2  
  16  0:47  Hatchery  
  15  0:50  Drone  
  15  0:54  Drone  
  15  0:57  Drone  
  18  1:07  Extractor  
  18  1:11  Spawning Pool  
  16  1:15  Drone  
  17  1:18  Drone  
  18  1:27  Drone  
  19  1:38  Drone  
  20  1:51  Overlord  
  20  1:58  Queen x2  
  20  1:59  Zergling x2  
  20  2:00  Zergling x2  
  26  2:10  Drone x2  
  28  2:20  Drone  
  28  2:21  Drone  
  30  2:32  Drone, Hatchery  
  30  2:34  Pneumatized Carapace  
  30  2:35  Drone  
  31  2:42  Drone  
  32  2:44  Overlord  
  32  2:49  Queen  
  34  2:56  Drone  
  34  2:57  Drone  
  36  3:06  Drone x2  
  36  3:08  Spore Crawler  
  36  3:10  Spore Crawler  
  37  3:14  Drone  
  37  3:15  Drone x3  
  37  3:16  Metabolic Boost  
  41  3:24  Overlord  
  41  3:27  Overlord  
  41  3:33  Overlord  
  41  3:41  Queen  
  41  3:42  Drone  
  41  3:44  Queen  
  41  3:47  Drone  
  47  3:48  Spore Crawler, Drone  
  47  3:49  Drone  
  47  3:51  Drone  
  50  3:55  Drone x2  
  50  3:56  Spore Crawler  
  50  4:00  Drone x2  
  52  4:03  Overlord  
  52  4:07  Drone x4  
  56  4:10  Drone  
  56  4:14  Spore Crawler  
  56  4:15  Drone  
  55  4:20  Drone  
  55  4:24  Overlord  
  56  4:26  Drone  
  56  4:27  Drone  
  56  4:30  Drone x2  
  60  4:40  Roach Warren, Drone x4  
  63  4:46  Lair  
  63  4:48  Drone x2  
  63  4:49  Drone  
  66  4:53  Drone x2, Extractor  
  66  4:54  Extractor, Drone x2  
  66  4:58  Evolution Chamber  
  67  5:02  Overlord  
  67  5:03  Drone  
  66  5:10  Overlord  
  66  5:12  Overlord  
  66  5:14  Overlord  
  66  5:20  Drone  
  66  5:21  Overlord  
  67  5:23  Zergling x6  
  70  5:28  Drone x3  
  70  5:29  Drone  
  70  5:30  Zerg Missile Weapons Level 1  
  70  5:31  Roach x5  
  70  5:32  Extractor  
  70  5:33  Extractor  
  82  5:35  Drone  
  82  5:41  Roach  
  82  5:42  Roach  
  87  5:47  Glial Reconstitution, Overseer  
  87  5:48  Extractor  
  85  5:51  Drone x3  
  85  5:53  Drone  
  85  5:56  Baneling Nest  
  88  5:58  Drone x2, Hatchery  
  88  5:59  Drone x2  
  88  6:00  Drone  
  92  6:05  Roach x2  
  92  6:09  Drone  
  97  6:12  Overlord  
  97  6:13  Overlord  
  97  6:15  Overlord  
  97  6:17  Overlord  
  97  6:21  Spire, Drone  
  97  6:22  Overlord  
  97  6:23  Overlord  
  97  6:28  Overlord  
  97  6:34  Overlord  
  97  6:37  Roach x5  
  97  6:39  Roach  
  109  6:42  Roach x2  
  109  6:46  Roach x2  
  117  6:50  Centrifical Hooks  
  117  6:52  Roach x2  
  121  6:57  Drone x4  
  124  7:02  Drone  
  124  7:03  Drone x4  
  129  7:20  Drone x11  
  140  7:26  Spore Crawler  
  140  7:29  Extractor  
  139  7:31  Overlord  
  139  7:32  Zerg Melee Weapons Level 1  
  139  7:35  Mutalisk x6  
  151  7:37  Overlord  
  151  7:38  Mutalisk  
  151  7:41  Drone  
  154  7:46  Zergling x4, Roach x2  
  154  7:51  Overlord  
  160  7:53  Overlord  
  160  7:56  Ravager x3  
  160  7:57  Hatchery  
  160  7:58  Zergling x6  
  165  7:59  Baneling  
  165  8:00  Baneling  
  165  8:08  Zergling x8  
  167  8:13  Overlord  
  167  8:14  Overlord, Zerg Flyer Weapons Level 1  
  167  8:16  Overlord  
  167  8:23  Roach x8  
  180  8:28  Roach x2  
  180  8:32  Zergling x8  
  180  8:38  Roach x5  
  182  8:42  Roach x2  
  182  8:46  Roach x7  
  184  8:54  Roach  
  178  8:58  Zergling x2, Ravager x3  
  178  8:59  Zergling x2  
  171  9:03  Zergling x2  
  171  9:09  Zergling x4  
  163  9:16  Zergling x2  
  163  9:17  Zergling x4  
  162  9:21  Ravager x3  
  162  9:22  Queen  
  167  9:26  Zergling x12  
  167  9:30  Baneling x10  
  173  9:32  Zergling x2  
  173  9:33  Zergling x6  
  173  9:37  Zergling x6  
  180  9:40  Zergling x4  
  180  9:43  Zergling x2  
  180  9:44  Baneling x8  
  183  9:50  Zergling x4  
  178  10:00  Corruptor x2  
  178  10:02  Drone x5  
  178  10:05  Extractor  
  179  10:07  Zergling x8  
  179  10:13  Corruptor x2  
  183  10:21  Zergling x2  
  183  10:27  Zergling x2  
  183  10:28  Zergling x8  
  180  10:32  Corruptor x2  
  180  10:35  Corruptor, Drone x3  
  167  10:37  Zergling x12  
  175  10:45  Corruptor  
  175  10:48  Zergling x8  
  181  10:50  Baneling x4  
  181  10:57  Overlord  
  181  10:58  Zergling x4  
  181  11:00  Baneling x5  
  181  11:02  Hatchery  
  182  11:05  Zergling x4  
  182  11:10  Baneling x6  
  184  11:13  Overlord  
  184  11:22  Zergling x16  
  184  11:23  Overlord  
  178  11:26  Zergling x2  
  178  11:28  Zergling x4  
  149  11:36  Roach x7  
Tags
 
Add a new tag
Caveats
  • Supply blocks, unpowered buildings, or Contaminate may cause inaccurate times.
  • Supply counts are checked every 10 seconds.